AoeStats
← propz

African Clearing

510379757Analyzed
4v4 RM · 2d ago on Sep 30, 2026· 51m 50s· 8 players
Game mode
Random Map
Map size
Large (8 player)
Population
200
Speed
Normal
Resources
Standard
Victory
Conquest
Starting age
Dark Age
Ending age
Imperial Age
RankedLock teamsTeams togetherTeam positionsShared explorationLock speedFull tech treeHidden civsTurbo modeCheats
Victory
Defeat
🇨🇳 Wei · China
1079
+10
🇩🇰 Danes · Denmark
1049
+11
🇦🇷 Cumans · Argentina
986
+13
🇬🇬 Saxons · Guernsey
789
+21
🇳🇱 Hindustanis · Netherlands
995
-17
🇨🇳 Spanish · China
914
-13
🇨🇿 Burgundians · Czechia
904
-13
🇩🇪 Bengalis · Germany
870
-12
卢本伟
13:05 Feudal Age
17:59 Castle Age
26:15 Fletching
27:07 Bodkin Arrow
CaukyMnauky
12:34 Feudal Age
13:07 Fishing Lines
13:30 Double-Bit Axe
15:17 Gillnets
21:13 Castle Age
20:31 Bow Saw
23:23 Stone Mining
23:23 Gold Mining
25:06 Wheelbarrow
24:24 Horse Collar
25:49 Two-Man Saw
24:56 Husbandry
24:23 Cavalier
29:55 Scale Barding Armor
30:40 Scale Mail Armor
31:48 Gold Shaft Mining
32:26 Hand Cart
33:09 Chain Barding Armor
32:42 Fletching
33:59 Chain Mail Armor
33:55 Forging
33:34 Loom
33:34 Town Watch
39:59 Imperial Age
38:13 Burgundian Vineyards
41:25 Paladin
Nyssa
13:14 Loom
14:59 Feudal Age
18:16 Horse Collar
24:17 Castle Age
24:05 Forging
25:28 Double-Bit Axe
30:25 Scale Barding Armor
30:38 Husbandry
37:12 Wheelbarrow
38:03 Wheelbarrow
38:30 Fletching
40:44 Hand Cart
40:44 Bow Saw
40:37 Town Watch
41:35 Bodkin Arrow
43:04 Chain Barding Armor
43:14 Guard Tower
43:48 Ballistics
44:54 Masonry
Freyaner
18:20 Feudal Age
19:35 Gold Mining
19:35 Double-Bit Axe
21:58 Castle Age
20:20 Padded Archer Armor
20:10 Fletching
20:45 Loom
21:39 Wheelbarrow
20:52 Loom
21:09 Horse Collar
23:01 Bow Saw
24:27 Heavy Plow
27:34 Leather Archer Armor
27:16 Bodkin Arrow
28:18 Arson
29:21 Gold Shaft Mining
28:37 Stone Mining
33:09 Hand Cart
41:04 Imperial Age
39:55 Paiks
44:05 Two-Man Saw
43:38 Crop Rotation
42:34 Elite Elephant Archer
43:13 Light Cavalry
43:55 Husbandry
44:08 Bloodlines
47:54 Chemistry
50:45 Elite Ratha (Ranged)
Aethelwulf
6:19 Loom
14:49 Feudal Age
14:56 Man-at-Arms
16:10 Double-Bit Axe
23:13 Horse Collar
25:21 Fletching
27:17 Padded Archer Armor
30:16 Castle Age
31:06 Wheelbarrow
31:34 Thumb Ring
30:50 Crossbowman
31:52 Leather Archer Armor
31:32 Bodkin Arrow
31:38 Bodkin Arrow
31:58 Leather Archer Armor
32:44 Town Watch
35:25 Ballistics
36:52 Gold Mining
37:11 Scale Mail Armor
37:45 Bow Saw
37:38 Heavy Plow
42:53 Imperial Age
43:21 Arbalester
47:34 Chemistry
48:13 Conscription
48:00 Bracer
48:30 Ring Archer Armor
51:10 Siege Engineers
[DMSS] IGKnud
9:01 Loom
12:50 Feudal Age
13:44 Double-Bit Axe
23:10 Castle Age
21:02 Horse Collar
22:07 Scale Barding Armor
22:22 Fletching
23:41 Padded Archer Armor
24:21 Bodkin Arrow
25:53 Ballistics
27:05 Wheelbarrow
26:14 Horse Collar
29:50 Elite Skirmisher
29:56 Crossbowman
34:14 Imperial Age
33:45 Light Cavalry
34:40 Bloodlines
34:37 Cavalier
37:57 Scale Barding Armor
38:10 Heavy Plow
39:27 Town Watch
40:15 Forging
42:00 Chemistry
42:39 Chain Barding Armor
44:37 Paladin
46:25 Plate Barding Armor
47:03 Iron Casting
48:46 Crop Rotation
48:13 Murder Holes
49:22 Blast Furnace
propz
4:42 Loom
15:48 Feudal Age
17:09 Horse Collar
17:25 Gold Mining
24:41 Castle Age
24:09 Arson
25:38 Forging
25:19 Fletching
25:43 Gambesons
25:59 Squires
25:24 Elite Skirmisher
26:54 Double-Bit Axe
33:01 Wheelbarrow
34:11 Heavy Plow
34:27 Bow Saw
35:59 Hand Cart
35:59 Town Watch
37:39 Scale Mail Armor
40:34 Pikeman
42:27 Ballistics
42:45 Iron Casting
42:12 Padded Archer Armor
45:35 Town Patrol
49:10 Caravan
49:43 Hamask
梁志超他奶
3:44 Loom
13:27 Feudal Age
13:53 Double-Bit Axe
16:00 Horse Collar
16:46 Bloodlines
18:37 Forging
19:19 Scale Barding Armor
22:15 Wheelbarrow
23:54 Castle Age
22:10 Stone Mining
22:13 Gold Mining
24:22 Stone Mining
25:07 Bow Saw
25:41 Husbandry
25:59 Heavy Plow
27:18 Stone Shaft Mining
28:46 Chain Barding Armor
31:44 Wheelbarrow
33:29 Gold Shaft Mining
33:38 Iron Casting
35:27 Town Watch
36:32 Treadmill Crane
37:14 Ballistics
40:59 Imperial Age
41:12 Tuntian
42:33 Crop Rotation
43:06 Blast Furnace
41:28 Heavy Hei Guang Cavalry
42:30 Hand Cart
42:46 Conscription
44:05 Chemistry
49:56 Fletching
50:46 Hoardings
Connection lost

Rejoining the realm…

Still unreachable

The connection could not be restored.

Session expired

The server has moved on; the page needs a fresh start.